 Dungeon Crawl Stone Soup version 0.27-a0-1139-g28e009f8a6 (webtiles) character file.

Game seed: 2034704475616575960

164 jestyr24 the Magician (level 5, -12/36 HPs)
             Began as a Djinni Conjurer on May 8, 2021.
             Mangled by Edmund
             ... wielding a +0 vorpal dire flail
              (14 damage)
             ... on level 4 of the Dungeon.
             The game lasted 00:11:04 (3990 turns).

jestyr24 the Magician (Djinni Conjurer)             Turns: 3990, Time: 00:11:04

Health: -12/36     AC:  2    Str:  6    XL:     5   Next: 45%
Gold:   215        EV: 12    Int: 20    God:
                   SH:  0    Dex: 12

rFire    + + .     SeeInvis .   q - +2 trident (protect)
rCold    x . .     Faith    .   (no shield)
rNeg     . . .     Spirit   .   a - +0 robe
rPois    ∞         Reflect  .   (no helmet)
rElec    .         Harm     .   (no cloak)
rCorr    .         Rampage  .   (no gloves)
Will     .....                  (boots unavailable)
Stlth    ++........             (no amulet)
HPRegen  0.12/turn              (no ring)
MPRegen  0.00/turn              (no ring)

@: flying
A: sickness immunity, fire resistance 2, cold vulnerability 1, float, innate
caster, hp casting, extra vitality 1
a: no special abilities


You were on level 4 of the Dungeon.
You visited 1 branch of the dungeon, and saw 4 of its levels.

You collected 215 gold pieces.

Inventory:

Hand Weapons
 g - a +0 dagger
 q - a +2 trident of protection (weapon)
Missiles
 h - 39 poisoned darts
Armour
 a - a +0 robe (worn)
Magical Staves
 d - a staff of death
Wands
 l - a wand of charming (10)
 p - a wand of paralysis (9)
Scrolls
 b - a scroll of identify {unknown}
 c - a scroll of teleportation {unknown}
 f - a scroll of blinking {unknown}
 m - a scroll of torment {unknown}
 o - a scroll of enchant armour {unknown}
Potions
 e - a potion of degeneration {unknown}
 i - a potion of berserk rage {unknown}
 j - 2 potions of might {unknown}
 k - a potion of haste {unknown}
 n - a potion of heal wounds {unknown}
 r - a potion of curing {unknown}


   Skills:
 + Level 0.3 Fighting
 - Level 0.1 Short Blades
 + Level 2.8 Dodging
 + Level 1.9 Stealth
 + Level 5.2 Spellcasting
 * Level 0.9 Evocations


You couldn't memorise any spells.
You knew the following spells:

 Your Spells              Type           Power      Damage    Failure   Level
a - Magic Dart            Conj           100%       1d8       1%          1
b - Searing Ray           Conj           52%        3d5       1%          2
c - Dazzling Flash        Conj/Hex       52%        N/A       4%          3
d - Fulminant Prism       Conj/Hex       13%        3d9       13%         4
e - Iskenderun's Mystic   Conj/Tloc      26%        2d7       13%         4
f - Beastly Appendage     Tmut           52%        N/A       1%          1
g - Blink                 Tloc           N/A        N/A       1%          2
Your spell library was empty.

Dungeon Overview and Level Annotations

Branches:
Dungeon (4/15)
 Temple: D:4-7

Altars:
Ashenzari
Okawaru
Uskayaw

Shops:
D:3 !

Portals:
Ossuary: D:4

Annotations:
D:4 Edmund


Innate Abilities, Weirdness & Mutations

You are immune to sickness and miasma.
You are immune to poison.
Your flesh is very heat resistant. (rF++)
You are vulnerable to cold. (rC-)
You float through the air rather than walking.
You learn spells naturally, not from books.
Your magical power is your life essence.
You have superior vitality. (+4 HP)


Message History

Aiming: Searing Ray (safe; 1% risk of failure)
Press: ? - help, Shift-Dir - straight line, f - kobold
Aim: a kobold, wielding a +0 whip (asleep, 100% to hit)
The searing ray hits the kobold.
You kill the kobold! (Press . to maintain the ray.)
Things that are here:
a +0 whip; a kobold corpse You now have 215 gold pieces (gained 15).
You reach down and open the door.
Edmund the Younger comes into view.
He is wielding a +0 vorpal dire flail.
Found a sand-covered staircase.
Edmund shouts!
Found 28 bolts.
There is an open door here.
Casting: Searing Ray (safe; 1% risk of failure)
Confirm with . or Enter, or press ? or * to list all spells.
Aiming: Searing Ray (safe; 1% risk of failure)
Press: ? - help, Shift-Dir - straight line, f - Edmund
Aim: Edmund, wielding a +0 vorpal dire flail and wearing a +0 leather armour (79% to hit)
The searing ray hits Edmund!
Edmund is moderately wounded. (Press . to maintain the ray.)
The searing ray hits Edmund!
Edmund is heavily wounded.
The searing ray hits Edmund.
Edmund is severely wounded.
Edmund hits you with a +0 vorpal dire flail!
The searing ray hits Edmund.
Edmund is severely wounded.
You finish channeling your searing ray.
Edmund hits you with a +0 vorpal dire flail!
* * * LOW HITPOINT WARNING * * *
x2 Unknown command.
Casting: Searing Ray (safe; 1% risk of failure)
Confirm with . or Enter, or press ? or * to list all spells.
You don't have enough health to cast this spell.
An adder comes into view.
Edmund hits you with a +0 vorpal dire flail!
You die...

......##
...8..#
###.....#
#..8.∩.8#
+.......#####
#....8. .....
#..(..+......
######@#......
#..(.@........
#.............
#...).........
#.<.....####+#
#.......#
+.......#
#.S.....#
.........#
..........#


You could see Edmund and an adder (wandering).

Vanquished Creatures
  An orc priest (D:3)
  5 adders
  3 worms
  2 dart slugs
  9 orcs (D:3)
  7 endoplasms
  2 giant cockroaches
  3 goblins
  8 hobgoblins
  6 jackals
  4 quokkas
  A ball python (D:1)
  9 bats
  2 kobolds
  2 rats (D:1)
64 creatures vanquished.

Vanquished Creatures (others)
  A demonic plant (D:3)
  4 toadstools (D:1)
5 creatures vanquished.

Grand Total: 69 creatures vanquished

Notes
Turn   | Place    | Note
-------+----------+-------------------------------------------
     0 | D:1      | jestyr24 the Djinni Conjurer began the quest for the Orb.
     0 | D:1      | Reached XP level 1. HP: 15/15 MP: 0/0
   387 | D:1      | Reached XP level 2. HP: 14/21 MP: 0/0
   577 | D:1      | Reached skill level 4 in Spellcasting
  1441 | D:2      | Reached XP level 3. HP: 22/25 MP: 0/0
  1441 | D:2      | Learned a level 1 spell: Beastly Appendage
  1772 | D:2      | Reached XP level 4. HP: 10/31 MP: 0/0
  2265 | D:2      | Found a broken altar of Ashenzari.
  2667 | D:3      | Found Waolaol's Distillery.
  2776 | D:3      | Found an iron altar of Okawaru.
  2806 | D:3      | Reached skill level 5 in Spellcasting
  2806 | D:3      | Reached XP level 5. HP: 25/35 MP: 0/0
  2806 | D:3      | Learned a level 2 spell: Blink
  2949 | D:3      | Found a hide-covered altar of Uskayaw.
  3144 | D:3      | Found a faded altar of an unknown god.
  3984 | D:4      | Found a sand-covered staircase.
  3984 | D:4      | Noticed Edmund
  3990 | D:4      | Mangled by Edmund

Illustrated notes

Levels and vault maps discovered:
D:1:      amcnicky_arrival_single_pillar, layout_loops_ring,
          minmay_gold_behind_fungi
D:2:      layout_loops_ring, basic_altar, chequers_serial_rivers_small_a,
          grunt_decor_one_mirror, minivault_19, minmay_domino_4
D:3:      layout_loops_ring, okawaru_metal_pillars_3,
          nicolae_uskayaw_murder_on_the_dancefloor, serial_shops,
          nicolae_shop_stone, shapermc_ecumenical_altar_gd,
          lightli_corner_chamber
D:4:      layout_gridville, nicolae_ossuary_entry_monument, uniq_edmund

Skill      XL: |  1  2  3  4 |
---------------+-------------+-----
Spellcasting   | 4 5 |  5.2
Fighting       | |  0.3
Short Blades   | |  0.1
Dodging        | |  2.8
Stealth        | |  1.9
Evocations     | |  0.9

Action                   |  1- 3 |  4- 6 || total
-------------------------+-------+-------++-------
Melee: Dagger            |     4 |       ||     4
       Trident           |       |    28 ||    28
 Cast: Magic Dart        |    65 |    49 ||   114
       Searing Ray       |     3 |    12 ||    15
       Beastly Appendage |     1 |       ||     1
Armor: Robe              |       |    15 ||    15
Dodge: Dodged            |    15 |    23 ||    38

Table legend: (Time is in decaauts)
 A = Elapsed time spent in this place.
 B = Non-inter-level travel time spent in this place.
 C = Inter-level travel time spent in this place.
 D = Time resting spent in this place.
 E = Time spent auto-exploring this place.
 F = Levels seen in this place.
 G = Mean time per level.
                   A        B        C        D        E       F      G
               +--------+--------+--------+--------+--------+-----+--------+
         Total |   3996 |   3880 |    116 |    746 |   2762 |   4 |  999.0 |
       Dungeon |   3996 |   3880 |    116 |    746 |   2762 |   4 |  999.0 |
               +--------+--------+--------+--------+--------+-----+--------+

Top non-repeatable levels by time:
     D:1: 1337 daAuts
     D:3: 1325 daAuts
     D:2: 1320 daAuts
     D:4: 13 daAuts
